Map: Dreamcatcher LE

Players

Crow

  • Race: Zerg Zerg
  • Spawn Location: 5:00

NoRegreT - Winner!

  • Race: Zerg Zerg
  • Spawn Location: 11:00

Event: WCS Montreal 2018

VOD

Have the link to the VOD?

Description

Time

  • Played on: Sept. 7, 2018, 12:21 p.m.
  • Length: 3:55

All games in this series

Show
View Real Time Build Order
Export as new Build Order

Crow Zerg 

Build Orders: Hatch First 

Get SALT Encoding   

  12  0:00  Drone  
  13  0:12  Overlord  
  13  0:17  Drone  
  14  0:31  Drone x2  
  16  0:48  Hatchery  
  15  0:51  Drone  
  15  0:55  Drone  
  17  0:57  Drone  
  18  1:08  Extractor  
  17  1:13  Spawning Pool  
  17  1:17  Drone  
  17  1:20  Drone  
  18  1:28  Drone  
  19  2:00  Queen x2  
  19  2:01  Zergling x8  
  27  2:11  Overlord  
  26  2:23  Spine Crawler  
  26  2:29  Zergling x2  
  26  2:35  Spine Crawler  
  25  2:42  Zergling x4  
  27  2:55  Zergling x4  
  27  3:09  Zergling x4  
  27  3:10  Zergling x4  
  27  3:13  Zergling x2  
  27  3:18  Zergling x2  
  29  3:22  Zergling x2  
Show
View Real Time Build Order
Export as new Build Order

NoRegreT Zerg - Winner!

Build Orders: 1 Base Baneling Bust, Pool Only, Zergling Baneling 

Get SALT Encoding   

  12  0:18  Spawning Pool  
  11  0:21  Drone  
  11  0:25  Extractor  
  11  0:27  Drone  
  12  0:33  Drone  
  13  0:43  Overlord  
  13  1:05  Zergling x6  
  16  1:12  Queen  
  18  1:18  Zergling x2  
  19  1:27  Metabolic Boost  
  19  1:32  Zergling x2  
  20  1:38  Zergling x2  
  21  1:48  Overlord  
  21  1:57  Baneling Nest  
  21  2:00  Zergling x2  
  21  2:09  Zergling x2  
  22  2:20  Zergling x4  
  22  2:22  Zergling x2  
  25  2:26  Zergling x2  
  26  2:40  Baneling x3  
  26  2:42  Zergling x2  
  26  2:43  Baneling  
  27  2:47  Zergling x2  
  28  2:55  Zergling x2  
  28  2:57  Zergling x2  
  28  3:09  Zergling x4  
  26  3:14  Zergling x2  
  27  3:20  Baneling x2  
  27  3:21  Baneling  
  27  3:27  Zergling x2  
  28  3:34  Baneling  
  28  3:35  Zergling x2  
Tags
 
Add a new tag
Caveats
  • Supply blocks, unpowered buildings, or Contaminate may cause inaccurate times.
  • Supply counts are checked every 10 seconds.